cohdb
Replays
Latest Replays
All Replays
Popular Replays
Top Player Replays
Match Explorer
How It Works
Community
CoH3 Stats
Reddit
Sign in to upload your games and track your stats! →
Sign in with Steam
Match 40593747
Unlisted
Match 40593747
Overview
Messages
Build Orders
End
Construct Infanterie Kompanie
Selects Mechanized Battlegroup
MG 42 Machine Gun Team
Grenadier Squad
GrW 34 Mortar Team
Construct Luftwaffe Kompanie
MG 42 Machine Gun Team
221 Scout Car
Jäger Squad
Luftwaffe Officer Quarters
Selects Mobile Repair Stations
Support Elements
Medical Bunker
Selects Raid Package
Jäger Squad
小方2333
Nuts
jaws2005
白洲アズサ
Particycles
【HAN】通幽
trea
Stock is best property
0
0
Comments
sign in to comment!
No comments posted yet!